 Dungeon Crawl Stone Soup version 0.17.0-18-gaab0e96 (webtiles) character file.

685 McCoppin the Chopper (level 7, -12/56 HPs)
             Began as a Vampire Gladiator on Nov 11, 2015.
             Mangled by an ogre
             ... wielding a +0 giant club
              (28 damage)
             ... on level 4 of the Dungeon.
             The game lasted 00:16:10 (4732 turns).

McCoppin the Chopper (Vampire Gladiator)            Turns: 4732, Time: 00:16:10

Health: -12/56     AC:  5    Str: 19    XL:     7   Next: 35%
Magic:  7/7        EV: 13    Int: 11    God:
Gold:   192        SH:  0    Dex: 14    Spells: 0 memorised, 6 levels left

rFire  + . .     SeeInvis +     a - +0 war axe
rCold  x . .     Clarity  .     b - +0 leather armour
rNeg   . . .     SustAt   .     (no shield)
rPois  .         Gourm    .     c - +0 helmet
rElec  .         Spirit   .     (no cloak)
rCorr  .         Warding  .     n - +0 pair of gloves
rMut   .         Stasis   .     (no boots)
MR     .....                    (no amulet)
Stlth  +.........               j - +3 ring of strength
                                s - ring of fire

@: regenerating quickly, not resistant to hostile enchantments, very unstealthy
A: fangs 3, see invisible, unbreathing
a: no special abilities


You were on level 4 of the Dungeon.
You were full.

You visited 1 branch of the dungeon, and saw 4 of its levels.

You collected 192 gold pieces.

Inventory:

Hand Weapons
 a - a +0 war axe (weapon)
 u - the +5 dagger "Cireas" {flame, Int+2}
   (You found it on level 4 of the Dungeon)

   It has been specially enchanted to burn those struck by it, causing extra
   injury to most foes and up to half again as much damage against particularly
   susceptible opponents.
   It affects your intelligence (+2).
Missiles
 d - 4 throwing nets (quivered)
 o - 2 curare-tipped needles
 r - 10 poisoned needles
Armour
 b - a +0 leather armour (worn)
 c - a +0 helmet (worn)
 n - a +0 pair of gloves (worn)
Jewellery
 j - a +3 ring of strength (right hand)
 s - a ring of fire (left hand)
Wands
 v - a wand of flame (17)
Scrolls
 f - 2 scrolls of teleportation {unknown}
 h - 2 scrolls of fog {unknown}
 i - 4 scrolls of identify {unknown}
 l - 3 scrolls of remove curse {unknown}
 m - 3 scrolls of recharging {unknown}
 q - a scroll of amnesia {unknown}
 w - a scroll of immolation {unknown}
Potions
 e - 15 potions of blood
 g - a potion of heal wounds
 k - 2 potions of might {unknown}
 p - a potion of degeneration {unknown}
 t - a potion of lignification {unknown}


   Skills:
 + Level 5.5 Fighting
 + Level 5.8 Axes
 - Level 1.5 Throwing
 - Level 3.2 Dodging


You had 6 spell levels left.
You didn't know any spells.

Dungeon Overview and Level Annotations

Branches:
Dungeon (4/15)
 Temple: D:4-7

Altars:
Nemelex Xobeh
Sif Muna


Innate Abilities, Weirdness & Mutations

Your natural rate of healing is unusually fast.
You have razor-sharp teeth.
You have supernaturally acute eyesight.
You can survive without breathing.


Message History

a club; a kobold corpse You barely miss the ogre.
The ogre hits you with a giant club!!
Unknown command.
You are too injured to fight recklessly!
You are too injured to fight recklessly!
You slash the ogre!
The ogre is moderately wounded.
The ogre barely misses you.
You hit the ogre.
The ogre is heavily wounded.
The ogre misses you.
You barely miss the ogre.
The ogre is heavily wounded.
The ogre hits you with a giant club!
* * * LOW HITPOINT WARNING * * *
You hit the ogre.
The ogre is almost dead.
The ogre hits you with a giant club!!
Ouch! That really hurt!
You die...

################### ##
...)......#.......# ..#
..))).(...)...(...# ...#
(.)))(....#########....#
#######.(........#K.....
#.%.......@OK.....
#######..........#......
..........#########....#
..........)...)...# ...#
..........#...)...# ..#
####################''###########
≈≈≈≈≈≈≈≈≈≈≈≈≈≈≈≈≈≈≈....≈≈≈≈≈≈≈≈≈≈
≈≈≈≈≈≈≈≈≈≈≈≈≈≈≈≈≈≈......≈≈≈≈≈≈≈≈≈
≈≈≈≈≈≈≈≈≈≈≈≈≈≈≈≈≈≈......≈≈≈≈≈≈≈≈≈


You could see an ogre and 2 kobolds.

Vanquished Creatures
  A hippogriff (D:4)
  The ghost of BLOAX the Sneak, an amateur GrAs (D:4)
  2 orc wizards
  3 orc priests
  Terence (D:2)
  A worker ant (D:4)
  Natasha (thrice) (D:3)
  Robin (D:3)
  11 adders
  An ooze (D:4)
  3 worms
  An adder skeleton (D:4)
  3 giant geckos
  15 orcs
  3 ball pythons
  9 bats
  8 hobgoblins
  4 jackals (D:4)
  6 quokkas
  5 giant cockroaches
  3 giant newts
  17 goblins
  38 kobolds
  5 rats
145 creatures vanquished.

Vanquished Creatures (others)
  An ooze (D:1)
1 creature vanquished.

Grand Total: 146 creatures vanquished

Notes
Turn   | Place    | Note
--------------------------------------------------------------
     0 | D:1      | McCoppin the Vampire Gladiator began the quest for the Orb.
     0 | D:1      | Reached XP level 1. HP: 16/16 MP: 1/1
   283 | D:1      | Reached XP level 2. HP: 22/22 MP: 2/2
  1082 | D:2      | Reached XP level 3. HP: 28/28 MP: 3/3
  1190 | D:2      | Found a sparkling altar of Nemelex Xobeh.
  1573 | D:2      | Reached XP level 4. HP: 22/35 MP: 4/4
  1594 | D:3      | Noticed Terence
  1734 | D:3      | Noticed Robin
  1753 | D:2      | Killed Terence
  1924 | D:3      | Killed Robin
  1937 | D:3      | Reached skill level 4 in Axes
  1983 | D:3      | Noticed Natasha
  2004 | D:3      | Killed Natasha
  2004 | D:3      | Reached XP level 5. HP: 12/42 MP: 5/5
  2476 | D:3      | Noticed Natasha
  2481 | D:3      | Killed Natasha
  2926 | D:3      | Found a deep blue altar of Sif Muna.
  2951 | D:3      | Reached XP level 6. HP: 34/48 MP: 6/6
  3423 | D:3      | Noticed Natasha
  3449 | D:3      | Killed Natasha
  3729 | D:3      | Reached skill level 5 in Axes
  3921 | D:4      | Got a dazzling dagger
  3922 | D:4      | Identified the +5 dagger "Cireas" {flame, Int+2} (You found it on level 4 of the Dungeon)
  4290 | D:4      | Noticed a hippogriff
  4314 | D:4      | Killed a hippogriff
  4314 | D:4      | Reached skill level 5 in Fighting
  4314 | D:4      | Reached XP level 7. HP: 16/56 MP: 7/7
  4449 | D:4      | Noticed BLOAX's ghost (amateur GrAs)
  4470 | D:4      | Killed BLOAX's ghost
  4732 | D:4      | Mangled by an ogre

Action                   |  1- 3 |  4- 6 |  7- 9 || total
-------------------------+-------+-------+-------++-------
Melee: War axe           |   123 |   208 |    19 ||   350
       Dagger            |       |    37 |    45 ||    82
 Abil: End Transformatio |       |     1 |       ||     1
       Bat Form          |       |     1 |       ||     1
  Use: Potion            |       |    18 |     5 ||    23
